 Dungeon Crawl Stone Soup version 0.19.0-19-g8c6edcc (webtiles) character file.

19 Janus the Slasher (level 2, -7/24 HPs)
             Began as a Draconian Gladiator on Nov 14, 2016.
             Mangled by Sigmund
             ... wielding a +0 scythe
              (8 damage)
             ... on level 2 of the Dungeon.
             The game lasted 00:02:24 (1078 turns).

Janus the Slasher (Draconian Gladiator)             Turns: 1078, Time: 00:02:24

Health: -7/24      AC:  4    Str: 17    XL:     2   Next: 55%
Magic:  2/2        EV: 12    Int:  8    God:
Gold:   22         SH:  5    Dex: 11    Spells: 0 memorised, 1 level left

rFire  . . .     SeeInvis .     a - +0 long sword
rCold  . . .     Gourm    .     (armour unavailable)
rNeg   . . .     Faith    .     (no shield)
rPois  .         Spirit   .     b - +0 hat
rElec  .         Reflect  +     (no cloak)
rCorr  .         Harm     .     (no gloves)
MR     .....                    (no boots)
Stlth  +.........               e - +5 amulet of reflection
                                (no ring)
                                (no ring)

@: lethally poisoned (-7 -> -16)
A: unfitting armour, slow regeneration 1, cold-blooded, AC +4
a: no special abilities


You were on level 2 of the Dungeon.
You were hungry.

You visited 1 branch of the dungeon, and saw 2 of its levels.

You collected 22 gold pieces.

Inventory:

Hand Weapons
 a - a +0 long sword (weapon)
Missiles
 c - 3 throwing nets (quivered)
Armour
 b - a +0 hat (worn)
Jewellery
 e - a +5 amulet of reflection (around neck)
Scrolls
 k - a scroll of remove curse {unknown}
 n - a scroll of amnesia {unknown}
Potions
 i - a potion of curing
Comestibles
 d - 2 bread rations
 f - a beef jerky
 l - 3 fruits
 m - a chunk of flesh


   Skills:
 + Level 2.2 Fighting
 * Level 3.4 Long Blades
 * Level 2.1 Throwing
 + Level 2.7 Dodging
 + Level 0.4 Stealth


You had one spell level left.
You didn't know any spells.

Dungeon Overview and Level Annotations

Branches:
Dungeon (2/15)

Altars:

Annotations:
D:2 Sigmund


Innate Abilities, Weirdness & Mutations

Your plain brown scales are hard. (AC +4)
You cannot fit into any form of body armour.
You are cold-blooded and may be slowed by cold attacks.
You regenerate slowly when monsters are visible.


Message History

You hit the adder but do no damage.
The adder is almost dead.
The adder bites you.
You are poisoned.
The adder poisons you!
You completely miss the adder.
The adder is almost dead.
You feel sick. The adder bites you. Something hits you!
* * * LOW HITPOINT WARNING * * *
You block the adder's attack.
You miss the adder.
The adder is almost dead.
* * * LOW HITPOINT WARNING * * *
You feel sick. Something barely misses you. The adder misses you.
You riposte.
You barely miss the adder.
Your tail-slap misses the adder.
The adder is almost dead.
You miss the adder.
The adder is almost dead.
You block the adder's attack. Something hits you!
You die...

##.## #.#.
###..#...[.
##..........
#######
#####...........
#.....#
#..........##+#.
#.....#
###...{.####..#
#.....#
#.{.....# #.#
#.....###
#S#.....# .#
#.....'.#
#@#.....# ..
#.....#.#
#.#.....# ..
###'###.#
#.#.....# #.#
#.# #.#.....#
#.# #.#
#.#.....## #.#
#.# #........#
#####.# #.#
###......#
#...#.#
#.######......#
#.#.#.#
#.............#


You could see an adder.

Vanquished Creatures
  A dart slug (D:1)
  A leopard gecko (D:1)
  A giant cockroach (D:2)
  A hobgoblin (D:1)
  4 jackals (D:1)
  2 bats
  A frilled lizard (D:1)
  5 rats (D:1)
16 creatures vanquished.

Notes
Turn   | Place    | Note
-------+----------+-------------------------------------------
     0 | D:1      | Janus the Draconian Gladiator began the quest for the Orb.
     0 | D:1      | Reached XP level 1. HP: 17/17 MP: 1/1
   416 | D:1      | Reached XP level 2. HP: 12/24 MP: 2/2
  1047 | D:2      | Noticed Sigmund
  1052 | D:2      | Gained mutation: Your flesh is cold resistant. (rC+) [potion of mutation]
  1052 | D:2      | Gained mutation: You regenerate slowly when monsters are visible. [potion of mutation]
  1052 | D:2      | Lost mutation: Your flesh is cold resistant. (rC+) [potion of mutation]
  1077 | D:2      | HP: 1/24 [poisoned by an adder]
  1078 | D:2      | Mangled by Sigmund

Skill      XL: |  1 |
---------------+----+-----
Throwing       | 2 |  2.1
Fighting       | |  2.2
Long Blades    | |  3.4
Dodging        | |  2.7
Stealth        | |  0.4

Action                   || total
-------------------------++-------
Melee: Long sword        ||    54
       Tailslap          ||     9
  Use: Potion            ||     4
Armor: Skin              ||    19
Dodge: Dodged            ||    46
Block: Other             ||    16
       Rpst.: Long sword ||    11
